 Dungeon Crawl Stone Soup version 0.31-a0-1074-g0b22e4e0f1 (webtiles) character file.

Game seed: 12655187474293952187

260 BigPumpCobain the Conjurer (level 5, -6/38 HPs)
             Began as a Draconian Conjurer on Dec 7, 2023.
             Was an Initiate of Vehumet.
             Succumbed to a gnoll's poison
             ... on level 4 of the Dungeon.
             The game lasted 00:07:47 (3786 turns).

BigPumpCobain the Conjurer (Draconian Conjurer)     Turns: 3786, Time: 00:07:47

Health: -6/38      AC:  6    Str:  9    XL:     5   Next: 95%
Magic:  5/18       EV: 12    Int: 20    God:    Vehumet [......]
Gold:   162        SH:  0    Dex: 10    Spells: 7/10 levels left

rFire   . . .        i - +2 dagger (flame)
rCold   . . .        (no shield)
rNeg    . . .        (body armour unavailable)
rPois   .            (helmet restricted)
rElec   .            m - +0 cloak
rCorr   .            (no gloves)
SInv    .            (no boots)
Will    .....        (no amulet)
Stlth   ++           o - ring of wizardry
HPRegen 0.26/turn    k - ring of magical power
MPRegen 0.16/turn

%: wizardry (x1)
@: lethally poisoned (-6 -> -38)
A: AC +5, unfitting armour, cold-blooded
a: Renounce Religion


You were on level 4 of the Dungeon.
You worshipped Vehumet.
Vehumet was noncommittal.
You visited 2 branches of the dungeon, and saw 5 of its levels.

You collected 162 gold pieces.

Inventory:

Hand Weapons
 c - a +4 quarterstaff of chaos
 i - a +2 dagger of flaming (weapon)
 q - the +2 short sword of Accord {heavy, *Rage rF+ Str+3}
   (You took it off a hobgoblin on level 4 of the Dungeon)

   Str+3:     It affects your strength (+3).
   rF+:       It protects you from fire.
   *Rage:     It berserks you when you make melee attacks (+20% chance).
Armour
 d - a scarf of shadows
 m - a +0 cloak (worn)
Magical Staves
 f - a staff of poison
Jewellery
 h - a ring of see invisible
 k - a ring of magical power (right hand)
 o - a ring of wizardry (left hand)
Wands
 p - a wand of paralysis (12)
Scrolls
 l - a scroll of blinking
Potions
 a - a potion of magic
 b - a potion of mutation {unknown}
 e - a potion of curing {unknown}
 g - a potion of cancellation {unknown}
 j - a potion of lignification {unknown}
 n - 2 potions of berserk rage {unknown}


   Skills:
 + Level 3.2 Dodging
 - Level 1.7 Stealth
 + Level 3.3 Spellcasting
 * Level 5.8 Conjurations


You had 7 spell levels left.
You knew the following spells:

 Your Spells              Type           Power      Damage    Failure   Level
a - Magic Dart            Conj           100%       1d8       1%          1
b - Searing Ray           Conj           52%        2d6       1%          2

Your spell library contained the following spells:

 Spells                   Type           Power      Damage    Failure   Level
 Dazzling Flash           Conj/Hex       30%        N/A       4%          3
 Fulminant Prism          Conj/Hex       7%         3d7       16%         4
 Iskenderun's Mystic Bla  Conj/Tloc      15%        2d5       16%         4


Dungeon Overview and Level Annotations

Branches:
Dungeon (4/15)             Temple (1/1) D:4

Altars:
Gozag
Kikubaaqudgha
Nemelex Xobeh
Okawaru
Sif Muna
Uskayaw
Vehumet
Xom
The Shining One


Innate Abilities, Weirdness & Mutations

Your plain brown scales are hard. (AC +5)
You cannot fit into any form of body armour.
You are cold-blooded and may be slowed by cold attacks.


Message History

The gnoll shouts!
The gnoll shouts!
The gnoll attacks as it pursues you!
The gnoll hits you with a +2 whip of venom.
You are poisoned.
Casting: Searing Ray (safe; 1% risk of failure)
Confirm with . or Enter, or press ? or * to list all spells.
Aiming: Searing Ray (safe; 1% risk of failure)
Press: ? - help, Shift-Dir - straight line, f - gnoll
Aim: a gnoll, wielding a +0 spear (82% to hit)
The searing ray hits the gnoll.
The gnoll is heavily wounded.
The searing ray hits the gnoll.
The gnoll is moderately wounded.
The searing ray hits the gnoll!
The gnoll is heavily wounded. (Press . to maintain the ray.)
You feel very sick.
The searing ray hits the gnoll!
You kill the gnoll!
Vehumet accepts your kill.
The searing ray hits the gnoll.
The gnoll is severely wounded.
You feel sick. The gnoll hits you but does no damage.
You are more poisoned.
The magic dart hits the gnoll.
The gnoll is severely wounded.
You feel very sick.
The gnoll hits you with a +2 whip of venom.
* * * LOW HITPOINT WARNING * * *
You are more poisoned.
You are too injured to fight recklessly!
* * * LOW HITPOINT WARNING * * *
You feel very sick. The gnoll attacks as it pursues you!
The gnoll hits you with a +2 whip of venom.
* * * LOW HITPOINT WARNING * * *
You are more poisoned.
A howler monkey comes into view.
You die...

#. #...# .. #.###.##
. ##...## .##
#.....## #
..#...#...#.# #..
#####...#.. #####.#
#...#...#^.
#...#...#.# #.....#
###.#.....##
#..@###...###...##
#h###.#.....#.###.##
#.g.# #...#...#.
#.g.#####...#...#.
#..g#...#...#...#.
##.#)....#.###.##.
..###..)###...###.
.... #.###.#)....##.
..#...#.g
#...#...#)#.


You could see a howler monkey (asleep) and 3 gnolls.

Vanquished Creatures
  A jelly (D:4)
  A sleepcap (D:4)
  Crazy Yiuf (D:3)
  An orc wizard (D:4)
  A gnoll (D:4)
  4 adders
  A worm (D:2)
  5 orcs
  10 ball pythons
  8 bats
  5 endoplasms
  8 giant cockroaches
  4 goblins
  11 hobgoblins
  4 jackals (D:3)
  4 quokkas
  3 frilled lizards
  5 kobolds
  6 rats
83 creatures vanquished.

Notes
Turn   | Place    | Note
-------+----------+-------------------------------------------
     0 | D:1      | BigPumpCobain the Draconian Conjurer began the quest for
                  | the Orb.
     0 | D:1      | Reached XP level 1. HP: 14/14 MP: 3/3
   126 | D:1      | Reached XP level 2. HP: 19/20 MP: 1/5
   398 | D:1      | Learned a level 2 spell: Searing Ray
   957 | D:2      | Reached XP level 3. HP: 26/26 MP: 3/6
  2565 | D:3      | Found a runed translucent door.
  2566 | D:3      | Noticed Crazy Yiuf
  2987 | D:3      | Reached XP level 4. HP: 31/33 MP: 8/8
  2988 | D:3      | Reached skill level 5 in Conjurations
  3267 | D:3      | Killed Crazy Yiuf
  3330 | D:4      | Reached XP level 5. HP: 38/38 MP: 9/9
  3410 | D:4      | Found a staircase to the Ecumenical Temple.
  3421 | Temple   | Entered the Ecumenical Temple
  3443 | Temple   | Became a worshipper of Vehumet
  3737 | D:4      | Identified the +2 short sword of Accord {heavy, *Rage rF+
                  | Str+3}
  3785 | D:4      | HP: 1/38 [gnoll/+2 whip of venom (4)]
  3786 | D:4      | Succumbed to a gnoll's poison

Illustrated notes

Levels and vault maps discovered:
D:1:      dpeg_arrival_arbitrary_a, layout_rooms
D:2:      layout_basic, chequers_serial_rivers_small_b, minmay_unequal
D:3:      minmay_chambers_of_threes, layout_loops_ring, uniq_crazy_yiuf_cottage
D:4:      nicolae_cairo_tiling, layout_basic,
          minmay_temple_entry_drinking_statues,
          mainiacjoe_sewer_entry_somewhere_in_here_1
Temple:   nicolae_temple_ecumenical_triangle

Skill      XL: |  1  2  3  4  5 |
---------------+----------------+-----
Dodging        | 2 3 |  3.2
Conjurations   | 5 |  5.8
Spellcasting   | 3 |  3.3
Stealth        | |  1.7

Action                     |  1- 3 |  4- 6 || total
---------------------------+-------+-------++-------
  Melee: Unarmed           |    32 |       ||    32
         Tailslap          |     9 |       ||     9
         Dagger            |     7 |     5 ||    12
   Cast: Magic Dart        |   101 |    25 ||   126
         Searing Ray       |     6 |    11 ||    17
    Use: Scroll            |     3 |       ||     3
 Armour: Skin              |    37 |    16 ||    53
  Dodge: Dodged            |    30 |     8 ||    38

Table legend: (Time is in decaauts)
 A = Elapsed time spent in this place.
 B = Non-inter-level travel time spent in this place.
 C = Inter-level travel time spent in this place.
 D = Time resting spent in this place.
 E = Time spent auto-exploring this place.
 F = Levels seen in this place.
 G = Mean time per level.
                   A        B        C        D        E       F      G
               +--------+--------+--------+--------+--------+-----+--------+
         Total |   3770 |   3673 |     97 |      0 |   3233 |   5 |  754.0 |
       Dungeon |   3743 |   3651 |     92 |      0 |   3233 |   4 |  935.8 |
        Temple |     27 |     22 |      5 |      0 |      0 |   1 |   27.0 |
               +--------+--------+--------+--------+--------+-----+--------+

Top non-repeatable levels by time:
     D:2: 1234 daAuts
     D:3: 1125 daAuts
     D:1: 954 daAuts
     D:4: 429 daAuts
  Temple: 27 daAuts
